Map: Bel'Shir Vestige LE (Void)

Players

Pelden - Winner!

  • Race: Zerg Zerg
  • Spawn Location: 5:00

dallaskuken

  • Race: Protoss Protoss
  • League: Platinum
  • Spawn Location: 11:00

VOD

Have the link to the VOD?

Description

Time

  • Played on: April 10, 2017, 4:41 p.m.
  • Length: 14:18
Show
View Real Time Build Order
Export as new Build Order

Pelden Zerg - Winner!

Build Orders: Hatch First 

Get SALT Encoding   

  12  0:01  Drone  
  13  0:13  Overlord  
  13  0:17  Drone  
  14  0:31  Drone x2  
  14  0:35  Drone  
  17  0:57  Hatchery  
  17  0:58  Drone  
  17  1:01  Drone  
  18  1:12  Spawning Pool  
  18  1:14  Drone  
  18  1:25  Extractor  
  17  1:26  Drone  
  18  1:35  Drone  
  18  1:39  Overlord  
  19  2:06  Zergling x4  
  21  2:09  Queen  
  21  2:10  Queen  
  21  2:11  Drone  
  21  2:13  Drone  
  27  2:22  Overlord  
  27  2:34  Drone  
  27  2:37  Drone x2  
  29  2:43  Metabolic Boost  
  30  2:50  Drone, Extractor  
  30  2:51  Drone  
  30  2:53  Drone  
  32  3:01  Drone  
  33  3:09  Drone  
  33  3:10  Roach Warren  
  33  3:14  Drone x2  
  35  3:37  Zergling x4  
  35  3:39  Drone x2  
  35  3:41  Spine Crawler, Queen  
  39  3:46  Drone x2  
  40  3:57  Drone x2  
  40  3:59  Drone x2  
  40  4:00  Spine Crawler  
  43  4:04  Overlord x3  
  44  4:24  Roach x4  
  44  4:25  Roach x3  
  44  4:28  Lair  
  55  4:43  Roach x3  
  61  4:56  Roach x2  
  65  5:04  Evolution Chamber  
  65  5:05  Drone x2  
  65  5:06  Overlord  
  67  5:07  Drone x2  
  67  5:11  Overlord x2, Extractor  
  67  5:32  Drone x3  
  70  5:38  Extractor  
  70  5:40  Overseer, Spore Crawler  
  68  5:43  Overseer  
  68  6:00  Glial Reconstitution  
  68  6:03  Hatchery  
  65  6:17  Roach  
  65  6:18  Roach x2  
  71  6:30  Drone x4  
  75  6:36  Spire  
  75  6:38  Drone x3  
  77  6:47  Roach  
  77  6:48  Roach  
  77  6:49  Overlord  
  77  6:50  Overlord x2  
  81  6:56  Zerg Missile Weapons Level 1  
  81  7:08  Burrow  
  81  7:12  Overlord  
  81  7:13  Drone x2  
  83  7:17  Hatchery  
  83  7:19  Drone  
  83  7:26  Extractor  
  82  7:30  Roach x2  
  82  7:31  Roach x2  
  82  7:34  Overseer  
  90  7:39  Spine Crawler  
  89  7:50  Infestation Pit  
  86  7:51  Zerg Flyer Weapons Level 1  
  74  8:06  Roach x11  
  74  8:11  Queen  
  98  8:15  Spine Crawler  
  97  8:23  Overseer  
  97  8:24  Roach  
  97  8:25  Roach x4  
  107  8:30  Ravager  
  108  8:36  Ravager  
  108  8:38  Zergling x2, Overlord  
  108  8:39  Zergling x2, Overlord x5  
  101  9:02  Queen  
  101  9:03  Overlord x3  
  101  9:06  Spore Crawler  
  101  9:07  Drone  
  101  9:08  Drone x3  
  101  9:09  Spore Crawler  
  103  9:16  Drone x2  
  105  9:22  Drone  
  106  9:32  Drone x2  
  106  9:33  Drone  
  109  9:39  Drone  
  109  9:40  Drone  
  109  9:41  Drone x3  
  114  9:49  Hatchery  
  113  10:01  Hydralisk Den  
  113  10:02  Drone x3  
  115  10:12  Drone x2  
  115  10:13  Extractor  
  116  10:15  Roach x3  
  122  10:26  Zerg Ground Armor Level 1  
  122  10:33  Evolution Chamber  
  121  10:53  Roach x5, Overlord x3  
  131  10:57  Hydralisk x4  
  131  10:58  Hydralisk x4  
  131  10:59  Hydralisk  
  149  11:26  Drone  
  149  11:27  Drone x2, Overlord x2  
  149  11:28  Overlord x2  
  149  11:29  Roach x2  
  156  11:41  Overseer x3  
  156  11:42  Drone x3  
  159  11:57  Spine Crawler  
  158  12:21  Drone x2  
  160  12:23  Drone  
  161  12:43  Hydralisk  
  161  12:44  Hydralisk x10  
  155  12:45  Corruptor x5  
  155  12:46  Corruptor x3  
  129  13:44  Overseer x5  
  129  13:45  Mutalisk x3  
  129  13:47  Hydralisk x5  
  129  13:48  Hydralisk x2  
  141  13:51  Drone  
  141  13:54  Drone x2  
Show
View Real Time Build Order
Export as new Build Order

dallaskuken Protoss 

Build Orders:  

Get SALT Encoding   

  12  0:01  Probe (Chrono Boost)  
  13  0:11  Probe (Chrono Boost)  
  14  0:19  Pylon  
  14  0:25  Probe (Chrono Boost)  
  15  0:37  Probe (Chrono Boost)  
  15  0:41  Gateway  
  16  0:48  Probe (Chrono Boost)  
  17  0:58  Probe (Chrono Boost)  
  18  1:12  Gateway  
  18  1:20  Probe (Chrono Boost)  
  18  1:22  Assimilator  
  19  1:25  Pylon  
  19  1:39  Probe (Chrono Boost)  
  20  1:52  Cybernetics Core  
  20  1:55  Pylon  
  20  1:59  Probe (Chrono Boost)  
  20  2:00  Assimilator  
  21  2:15  Probe (Chrono Boost)  
  22  2:26  Probe (Chrono Boost)  
  22  2:28  Stalker x2  
  27  2:36  Probe (Chrono Boost)  
  27  2:39  Warp Gate  
  27  2:49  Mothership Core (Chrono Boost)  
  29  2:58  Zealot x2  
  33  3:08  Probe (Chrono Boost)  
  34  3:13  Pylon  
  34  3:25  Stalker x2  
  39  3:34  Probe (Chrono Boost)  
  37  4:01  Probe (Chrono Boost)  
  38  4:13  Probe (Chrono Boost)  
  40  4:25  Probe (Chrono Boost)  
  40  4:37  Gateway, Probe (Chrono Boost)  
  41  4:39  Gateway  
  41  4:49  Probe (Chrono Boost)  
  32  5:00  Robotics Facility  
  33  5:08  Probe (Chrono Boost)  
  33  5:18  Nexus  
  33  5:20  Zealot, Probe (Chrono Boost)  
  33  5:21  Zealot  
  38  5:31  Pylon  
  38  5:35  Pylon  
  38  5:37  Sentry  
  40  5:43  Immortal  
  40  5:45  Stalker  
  46  5:56  Stalker x2  
  50  6:04  Stargate  
  50  6:14  Stalker x2  
  54  6:23  Stalker  
  54  6:24  Zealot  
  58  6:31  Assimilator  
  58  6:33  Probe (Chrono Boost)  
  59  6:44  Immortal  
  59  6:54  Probe (Chrono Boost)  
  64  7:03  Void Ray  
  64  7:04  Probe (Chrono Boost)  
  69  7:15  Probe (Chrono Boost)  
  70  7:25  Probe (Chrono Boost)  
  70  7:28  Forge  
  70  7:29  Immortal  
  71  8:15  Pylon  
  71  8:17  Pylon  
  71  8:34  Probe (Chrono Boost)  
  72  8:36  Assimilator  
  72  8:44  Probe (Chrono Boost)  
  73  8:55  Probe (Chrono Boost)  
  64  9:00  Void Ray  
  58  9:05  Probe (Chrono Boost)  
  59  9:10  Stargate  
  59  9:11  Stargate  
  59  9:14  Stargate  
  59  9:17  Immortal  
  59  9:18  Pylon  
  63  9:30  Zealot  
  63  9:31  Zealot x2  
  69  9:58  Void Ray x2  
  69  9:59  Void Ray  
  81  10:12  Void Ray  
  85  10:17  Nexus  
  85  10:19  Pylon  
  85  10:26  Sentry  
  87  10:31  Zealot x2  
  91  10:43  Pylon  
  91  10:45  Pylon, Fleet Beacon  
  91  10:56  Void Ray  
  95  11:05  Pylon  
  95  11:12  Assimilator  
  95  11:17  Assimilator  
  95  11:23  Void Ray  
  95  11:25  Void Ray  
  103  11:32  Probe (Chrono Boost)  
  104  11:35  Probe (Chrono Boost)  
  105  11:42  Probe (Chrono Boost)  
  105  11:46  Probe (Chrono Boost)  
  109  11:49  Mothership Core (Chrono Boost), Void Ray  
  109  11:53  Probe (Chrono Boost)  
  114  12:03  Probe (Chrono Boost), Void Ray  
  119  12:21  Carrier  
Tags
 
Add a new tag
Caveats
  • Supply blocks, unpowered buildings, or Contaminate may cause inaccurate times.
  • Supply counts are checked every 10 seconds.